 Dungeon Crawl Stone Soup version 0.30-a0-51-g784eafce7f (webtiles) character file.

Game seed: 12341357286919069416

28 Newt the Shooter (level 3, -15/21 HPs)
             Began as a Kobold Hunter on Sept 5, 2022.
             Demolished by an ogre
             ... wielding a +0 giant spiked club
              (36 damage)
             ... on level 2 of the Dungeon.
             The game lasted 00:00:47 (881 turns).

Newt the Shooter (Kobold Hunter)                     Turns: 881, Time: 00:00:47

Health: -15/21     AC:  3    Str:  8    XL:     3   Next: 27%
Magic:  3/3        EV: 14    Int: 10    God:
Gold:   73         SH:  0    Dex: 20    Spells: 2/2 levels left

rFire   . . .      SeeInvis .    a - +0 shortbow
rCold   . . .      Faith    .    (shield currently unavailable)
rNeg    . . .      Spirit   .    c - +0 leather armour
rPois   .          Reflect  .    (no helmet)
rElec   .          Harm     .    (no cloak)
rCorr   .          Rampage  .    (no gloves)
Will    .....                    (no boots)
Stlth   +++.......               (no amulet)
HPRegen 0.07/turn                (no ring)
MPRegen 0.08/turn                (no ring)

@: no status effects
A: small, no large weapons, nightstalker 3
a: no special abilities


You were on level 2 of the Dungeon.
You visited 1 branch of the dungeon, and saw 2 of its levels.

You collected 73 gold pieces.

Inventory:

Hand Weapons
 a - a +0 shortbow (weapon)
Armour
 c - a +0 leather armour (worn)
Scrolls
 b - 3 scrolls of immolation
 e - a scroll of vulnerability {unknown}
 f - a scroll of fear {unknown}
 g - a scroll of teleportation {unknown}
 j - a scroll of blinking {unknown}
Potions
 d - a potion of curing {unknown}
 h - a potion of haste {unknown}
 i - a potion of cancellation {unknown}


   Skills:
 - Level 2.1 Fighting
 + Level 6.6 Ranged Weapons
 - Level 2.4 Dodging
 - Level 1.3 Stealth


You had 2 spell levels left.
You didn't know any spells.
Your spell library was empty.

Dungeon Overview and Level Annotations

Branches:
Dungeon (2/15)

Altars:


Innate Abilities, Weirdness & Mutations

You are small and have problems with some larger weapons.
You are completely attuned to the shadows.


Message History

No target in view!
A goblin comes into view. It is wielding a +0 club.
The goblin shouts!
A goblin is nearby!
A goblin is nearby!
A goblin is nearby!
You shoot an arrow. The arrow closely misses the goblin.
You shoot an arrow. The arrow barely misses the goblin.
The goblin closely misses you.
You shoot an arrow. The arrow barely misses the goblin.
The goblin closely misses you.
You shoot an arrow. The arrow hits the goblin.
The goblin is severely wounded.
The goblin closely misses you.
You shoot an arrow. The arrow closely misses the goblin.
The goblin closely misses you.
You shoot an arrow. The arrow barely misses the goblin.
The goblin misses you. The goblin closely misses you.
You shoot an arrow. The arrow barely misses the goblin.
The goblin hits you but does no damage.
You shoot an arrow. The arrow hits the goblin!
You kill the goblin!
No target in view!
Found a leather armour.
An ogre comes into view. It is wielding a +0 giant spiked club.
The ogre shouts!
An ogre is nearby!
You shoot an arrow. The arrow hits the ogre.
The ogre is lightly wounded.
The ogre closely misses you.
Okay, then.
Fire: a) +0 shortbow
Press: ? - help, Q - select action Shift-Dir - straight line, f/p - ogre
Aim: an ogre, wielding a +0 giant spiked club (lightly wounded, 79% to hit)
You shoot an arrow. The arrow hits the ogre!
The ogre is moderately wounded.
A rat comes into view.
The ogre hits you with a +0 giant spiked club!!!
Ouch! That really hurt!
You die...

#### ##....
####.....
#........
#.##....#
#.##.####
#.##.# #.##.#
#@##.## ###
#O##..###.##
..........##..#
####......[##.#
#r.......#.#
........##.# ##
....†..##.# #.
#.....###.# #.
#...####.# #.


You could see an ogre and a rat.

Vanquished Creatures
  A worm (D:2)
  2 dart slugs (D:1)
  An endoplasm (D:1)
  2 goblins
  2 hobgoblins (D:1)
  5 kobolds
  A quokka (D:1)
  A ball python (D:1)
  4 bats
  A frilled lizard (D:1)
20 creatures vanquished.

Vanquished Creatures (others)
  5 toadstools (D:1)
5 creatures vanquished.

Grand Total: 25 creatures vanquished

Notes
Turn   | Place    | Note
-------+----------+-------------------------------------------
     0 | D:1      | Newt the Kobold Hunter began the quest for the Orb.
     0 | D:1      | Reached XP level 1. HP: 12/12 MP: 1/1
   125 | D:1      | Found a faded altar of an unknown god.
   202 | D:1      | Reached XP level 2. HP: 13/17 MP: 2/2
   302 | D:1      | Reached skill level 6 in Ranged Weapons
   412 | D:1      | Reached XP level 3. HP: 18/21 MP: 3/3
   878 | D:2      | Noticed an ogre
   881 | D:2      | Demolished by an ogre

Illustrated notes

Levels and vault maps discovered:
D:1:      ldierk_walled_garden, layout_rooms,
          shapermc_ecumenical_altar_flowoftime
D:2:      layout_loops_ring, uniq_terence, uniq_crazy_yiuf_cottage

Skill      XL: |  1  2 |
---------------+-------+-----
Ranged Weapons | 6 |  6.6
Fighting       | |  2.1
Dodging        | |  2.4
Stealth        | |  1.3

Action                   || total
-------------------------++-------
 Fire: Shortbow          ||    68
Armor: Leather armour    ||     5
Dodge: Dodged            ||    29

Table legend: (Time is in decaauts)
 A = Elapsed time spent in this place.
 B = Non-inter-level travel time spent in this place.
 C = Inter-level travel time spent in this place.
 D = Time resting spent in this place.
 E = Time spent auto-exploring this place.
 F = Levels seen in this place.
 G = Mean time per level.
                   A        B        C        D        E       F      G
               +--------+--------+--------+--------+--------+-----+--------+
         Total |    900 |    872 |     28 |      0 |    748 |   2 |  450.0 |
       Dungeon |    900 |    872 |     28 |      0 |    748 |   2 |  450.0 |
               +--------+--------+--------+--------+--------+-----+--------+

Top non-repeatable levels by time:
     D:1: 692 daAuts
     D:2: 207 daAuts
